 Dungeon Crawl Stone Soup version 0.32-a0-933-ga8fa3634e4 (webtiles) character file.

Game seed: 2934822737076305994

79832 Dirtsage the Marksdemonspawn (level 15, -2/106 HPs)
             Began as a Demonspawn Hexslinger on Apr 15, 2024.
             Was a High Priest of Hepliaklqana.
             Hit by a large rock thrown by a cyclops (36 damage)
             ... on level 12 of the Dungeon.
             The game lasted 01:17:47 (16872 turns).

Dirtsage the Marksdemonspawn (DsHs)                Turns: 16872, Time: 01:17:47

Health: -2/106     AC: 10    Str: 10    XL:     15   Next: 22%
Magic:  14/16      EV: 21    Int: 16    God:    Hepliaklqana [*****.]
Gold:   911        SH:  0    Dex: 22    Spells: 0/16 levels left

rFire   + . .        z - +3 arbalest (freeze)
rCold   + . .        (shield currently unavailable)
rNeg    + . .        g - +0 acid dragon scales
rPois   +            G - -2 hat of the Alchemist {rElec rPois rF+ rC+ rN+ Will+ rMut rCorr}
rElec   +            (cloak unavailable)
rCorr   +            S - +0 pair of gloves of Focus {Harm rElec Int+3}
SInv    .            x - +0 pair of boots "Kujiat" {rPois rCorr Stlth+}
Will    ++...        X - amulet of regeneration
Stlth   +++          o - +4 ring of slaying
HPRegen 1.17/turn    e - +5 ring of evasion
MPRegen 0.15/turn

%: harm (+30% outgoing, +20% incoming), resist mutation
@: wreathed by umbra, studying Ice Magic
A: reduced essence, rugged brown scales 1, demonic magic 3, weakness stinger 3,
foul shadow 3
a: Renounce Religion, Recall Ancestor, Ancestor Identity, Transference, Idealise


You were on level 12 of the Dungeon.
You worshipped Hepliaklqana.
Hepliaklqana was extremely pleased with you.
You visited 3 branches of the dungeon, and saw 18 of its levels.
You also visited: Ossuary, Bailey, Ice Cave and Volcano.

You collected 1354 gold pieces.
You spent 443 gold pieces at shops.

Inventory:

Hand Weapons
 z - a +3 arbalest of freezing (weapon)
Armour
 g - +0 acid dragon scales (worn)
 x - the +0 pair of boots "Kujiat" (worn) {rPois rCorr Stlth+}
   (You found it on level 3 of the Lair of Beasts)

   rPois:     It protects you from poison.
   rCorr:     It protects you from acid and corrosion.
   Stlth+:    It makes you more stealthy.
 E - a +0 kite shield
 F - a +4 scale mail of cold resistance
 G - the -2 hat of the Alchemist (worn) {rElec rPois rF+ rC+ rN+ Will+ rMut rCorr}
   (You acquired it in a bailey)

   rF+:       It protects you from fire.
   rC+:       It protects you from cold.
   rElec:     It insulates you from electricity.
   rPois:     It protects you from poison.
   rN+:       It protects you from negative energy.
   Will+:     It increases your willpower.
   rCorr:     It protects you from acid and corrosion.
   rMut:      It protects you from mutation.
 S - the +0 pair of gloves of Focus (worn) {Harm rElec Int+3}
   (You found it on level 1 of the Lair of Beasts)

   Int+3:     It affects your intelligence (+3).
   rElec:     It insulates you from electricity.
   Harm:      It increases damage dealt and taken.
 Z - a +0 chain mail of fire resistance
Jewellery
 e - a +5 ring of evasion (right hand)
 o - a +4 ring of slaying (left hand)
 w - a ring of flight
 C - the ring of Equilibrium {rN+ Dex+6}
   (You found it on level 5 of the Lair of Beasts)

   [ring of dexterity]

   Dex+6:     It affects your dexterity (+6).
   rN+:       It protects you from negative energy.
 H - the ring "Cathriati" {rN++ Will+}
   (You found it in a bailey)

   [ring of willpower]

   rN++:      It greatly protects you from negative energy.
   Will+:     It increases your willpower.
 L - the ring "Loloxtex" {^Drain Will++ MP+9}
   (You found it in an ice cave)

   [ring of magical power]

   Will++:    It greatly increases your willpower.
   MP+9:      It affects your magic capacity (+9).
   ^Drain:    It drains your maximum health when unequipped.
 W - a ring of wizardry
 X - an amulet of regeneration (around neck)
Wands
 k - a wand of polymorph (17)
 B - a wand of iceblast (18)
 D - a wand of digging (9)
 J - a wand of mindburst (13)
 O - a wand of flame (19)
 R - a wand of light (5)
Scrolls
 a - a scroll of silence
 b - 4 scrolls of poison
 f - 4 scrolls of fog
 i - 2 scrolls of identify
 t - 2 scrolls of teleportation
 u - a scroll of revelation
 A - 4 scrolls of enchant weapon
 I - 4 scrolls of enchant armour
 K - a scroll of brand weapon
 N - a scroll of amnesia
 P - a scroll of noise
 Q - 2 scrolls of summoning {unknown}
 V - 3 scrolls of immolation
Potions
 c - a potion of mutation
 d - 4 potions of might
 h - 4 potions of haste
 j - 4 potions of enlightenment
 l - 4 potions of heal wounds
 m - a potion of attraction
 n - 5 potions of resistance
 p - 6 potions of lignification
 q - 4 potions of curing
 r - 2 potions of cancellation
 s - a potion of invisibility
 v - 2 potions of ambrosia
 y - a potion of magic
 U - 2 potions of berserk rage
 Y - a potion of brilliance
Miscellaneous
 M - a box of beasts
 T - a tin of tremorstones (2/2)


   Skills:
 + Level 9.6 Fighting
 * Level 16.0 Ranged Weapons
 + Level 8.7 Armour
 + Level 8.8 Dodging
 - Level 1.1 Spellcasting
 - Level 10.3 Hexes
 + Level 9.6 Translocations
 - Level 1.0 Fire Magic


You couldn't memorise any spells.
You knew the following spells:

 Your Spells              Type           Power      Damage    Failure   Level
a - Jinxbite              Hex            66%        N/A       1%          2
b - Dimensional Bullseye  Hex/Tloc       16%        N/A       5%          4
c - Maxwell's Portable P  Tloc           31%        2d(8-22)  1%          3
d - Cause Fear            Hex            16%        N/A       4%          4
e - Inner Flame           Hex/Fire       19%        N/A       10%         3

Your spell library contained the following spells:

 Spells                   Type           Power      Damage    Failure   Level
 Apportation              Tloc           62%        N/A       1%          1
 Lesser Beckoning         Tloc           62%        N/A       1%          2
 Confusing Touch          Hex            33%        N/A       1%          3
 Sigil of Binding         Hex            33%        N/A       1%          3
 Teleport Other           Tloc           31%        N/A       1%          3
 Tukima's Dance           Hex            33%        N/A       1%          3
 Passage of Golubria      Tloc           31%        N/A       6%          4
 Kiss of Death            Conj/Necr      0%         2d5       32%         1
 Necrotise                Necr           0%         1d4       32%         1
 Sting                    Conj/Alch      0%         1d3       32%         1
 Summon Small Mammal      Summ           0%         N/A       32%         1
 Stone Arrow              Conj/Erth      0%         3d7       69%         3
 Yara's Violent Unravell  Hex/Alch       8%         3d5       73%         5
 Animate Armour           Summ/Erth      0%         N/A       97%         4
 Brom's Barrelling Bould  Conj/Erth      0%         2d3       97%         4
 Dispel Undead            Necr           0%         3d6       97%         4
 Enfeeble                 Hex            16%        N/A       99%         7
 Fireball                 Conj/Fire      1%         3d3       100%        5
 Iskenderun's Battlesphe  Conj           0%         2d6       100%        5
 Conjure Ball Lightning   Conj/Air       0%         3x3d6     100%        6
 Orb of Destruction       Conj           0%         9d5       100%        7
 Lehudib's Crystal Spear  Conj/Erth      0%         10d2      100%        8


Dungeon Overview and Level Annotations

Branches:
Dungeon (12/15)            Temple (1/1) D:7            Lair (5/5) D:9
 Shoals (0/4) Lair:2       Spider (0/4) Lair:2        Slime (0/5) Lair:5
    Orc (0/2) D:12        Ossuary (visited)          Bailey (visited)
  IceCv (visited)         Volcano (visited)

Altars:
Ashenzari
Cheibriados
Dithmenos
Fedhas
Gozag
Hepliaklqana
Kikubaaqudgha
Makhleb
Nemelex Xobeh
Okawaru
Qazlal
Ru
Sif Muna
Trog
Uskayaw
Vehumet
Wu Jian
Xom
Yredelemnul

Shops:
D:2 ?:!=   D:6 *   D:7 *   D:8 [??!(:


Innate Abilities, Weirdness & Mutations

Your life essence is reduced to manifest your ancestor. (-10% HP)
You are partially covered in rugged brown scales. (AC +1, +3% HP)
Spells you cast and wands you use may paralyse nearby enemies.
You have a sharp stinger which inflicts weakening toxins.
You are darkly shadowed, frequently releasing foul flame when damaged in melee.


Message History

Fire: z) +3 arbalest (freeze)
Press: ? - help, Q - select action, (/) - cycle Shift-Dir - straight line, f/p - Azrael
Aim: Azrael, wielding a +3 scimitar of flaming (flame, heavily wounded, targeted by your dimensional bullseye, 90% to hit)
You shoot a bolt. The bolt hits the fire elemental!!
The bolt freezes the fire elemental!
You destroy the fire elemental!
Your projectile teleports!
The bolt hits Azrael!
The bolt freezes Azrael!
Azrael is severely wounded.
A cyclops comes into view.
Fire: z) +3 arbalest (freeze)
Press: ? - help, Q - select action, (/) - cycle Shift-Dir - straight line, f/p - Azrael
Aim: Azrael, wielding a +3 scimitar of flaming (flame, severely wounded, targeted by your dimensional bullseye, umbra, 90% to hit)
You shoot a bolt.
The bolt closely misses the fire elemental.
The bolt hits Azrael!!
The bolt freezes Azrael.
You kill Azrael!
The fire elemental closely misses you.
The boulder beetle is engulfed in blazing flames.
Fire: z) +3 arbalest (freeze)
Press: ? - help, Q - select action, (/) - cycle Shift-Dir - straight line, f - fire elemental
Aim: a fire elemental (almost destroyed, umbra, 70% to hit)
You shoot a bolt. The bolt hits the fire elemental!!
The bolt freezes the fire elemental.
You destroy the fire elemental!
The boulder beetle is engulfed in blazing flames.
The boulder beetle waves its antennae.
You regained 2 hp, and now have 30/106 hp.
Okay, then.
Okay, then.
Aiming: Bolt of Light
Press: ? - help, Shift-Dir - straight line, f - boulder beetle
Aim: a boulder beetle (lightly wounded, umbra, 100% to hit)
The bolt of light hits the boulder beetle.
The boulder beetle is moderately wounded.
The boulder beetle is blinded.
Malevolent energies surge around you.
A two-headed ogre comes into view.
It is wielding a +0 giant spiked club and a +0 giant club.
The cyclops throws a large rock.
The large rock hits you!!
You die...
Hepliaklqana delivers you to your ancestors.

# #...##)##...##
##'###)##.>.# #.# #.##)..##
## #.###.#'###'#### .[.
#.##)).#####...# ....
#..))ß.).....ß.# .....
#.##...#####...#
....B.########.###'##########
.....OC.....@..............#
......########.#############
..... #.# .... #.## ☼.. #..#
.. ##.# # #.## #..# ##.#


You could see a two-headed ogre and a cyclops.

Vanquished Creatures
  Azrael (D:12)
  6 hydras
  A catoblepas (Lair:2)
  6 two-headed ogres
  9 death yaks
  2 hell hogs (Volcano)
  2 skysharks
  2 bog bodies (IceCv)
  An orc knight (Bailey)
  2 harpies (Lair:2)
  A manticore (D:11)
  15 elephants
  6 black mambas
  A torpor snail (Lair:3)
  20 cane toads
  An ice statue (IceCv)
  4 rime drakes
  2 kobold demonologists (D:10)
  11 komodo dragons
  An ice devil (IceCv)
  2 trolls
  2 polar bears (Lair:4)
  2 hornets
  4 tyrant leeches
  39 blink frogs
  A jumping spider (Lair:2)
  5 dream sheep (Lair:5)
  A culicivora (Lair:2)
  Sigmund (D:4)
  A dire elephant simulacrum (IceCv)
  A shadow (D:9)
  A wraith (D:10)
  2 fire elementals (D:12)
  11 wyverns
  4 basilisks
  39 yaks
  A vampire (D:12)
  A steam dragon (D:10)
  Edmund (D:6)
  4 vampire mosquitoes (Lair:5)
  2 harpy simulacra (IceCv)
  2 swamp worms (Lair:1)
  A hell hound (D:12)
  A hydra simulacrum (IceCv)
  21 water moccasins
  An acid dragon (D:8)
  13 orc warriors
  A sky beast (D:7)
  6 black bears
  4 ice beasts
  7 ogres
  15 wolves
  7 centaurs
  4 phantoms
  4 kobold brigands
  A weeping skull (Ossuary)
  An elf zombie (Ossuary)
  4 two-headed ogre simulacra (IceCv)
  20 bullfrogs
  3 cane toad simulacra (IceCv)
  5 scorpions
  9 wights
  A burial acolyte (Ossuary)
  3 killer bees
  An elephant simulacrum (IceCv)
  9 electric eels
  A howler monkey (D:6)
  4 bombardier beetles
  A jelly (D:6)
  A human zombie (Ossuary)
  6 orc priests
  2 sleepcaps
  A gnoll bouda (D:7)
  2 hounds
  3 iguanas
  5 orc wizards
  5 spriggan simulacra (IceCv)
  6 hell rats (Lair:5)
  5 polar bear simulacra (IceCv)
  6 troll simulacra (IceCv)
  3 wolf simulacra (IceCv)
  2 mummies (Ossuary)
  A howler monkey zombie (Ossuary)
  Robin (D:3)
  10 gnolls
  4 adders
  3 naga simulacra (IceCv)
  A shadow imp (D:5)
  8 white imps
  4 ufetubi (IceCv)
  An adder zombie (Ossuary)
  3 dart slugs
  65 orcs
  6 bats
  4 endoplasms (D:1)
  3 giant cockroaches
  15 goblins
  9 hobgoblins
  8 jackals
  2 quokkas (D:1)
  10 ball pythons
  4 frilled lizards
  15 kobolds
  A kobold zombie (Ossuary)
  5 rats
599 creatures vanquished.

Vanquished Creatures (collateral kills)
  A hydra (Lair:4)
  2 two-headed ogres
  3 death yaks
  A salamander (Volcano)
  A black mamba (Lair:3)
  4 cane toads
  A rime drake (Lair:1)
  2 polar bears (Lair:4)
  6 blink frogs
  A wyvern (D:9)
  7 yaks
  A steam dragon (Lair:3)
  A vampire mosquito (Lair:5)
  4 water moccasins
  An acid dragon (D:11)
  2 hell hounds
  3 black bears
  3 orc warriors
  2 ogres (D:10)
  3 wolves
  A kobold brigand (D:10)
  3 bullfrogs
  2 killer bees (D:9)
  An orc priest (D:8)
  3 orc wizards
  A troll simulacrum (IceCv)
  A spriggan simulacrum (IceCv)
  An ufetubus (IceCv)
  4 orcs
  2 kobolds (D:10)
68 creatures vanquished.

Vanquished Creatures (others)
  4 ancestors
  15 knights
19 creatures vanquished.

Grand Total: 686 creatures vanquished

Notes
Turn   | Place    | Note
-------+----------+-------------------------------------------
     0 | D:1      | Dirtsage the Demonspawn Hexslinger began the quest for the
                  | Orb.
     0 | D:1      | Reached XP level 1. HP: 15/15 MP: 2/2
    40 | D:1      | Reached skill level 1 in Fire Magic
   253 | D:1      | Reached skill level 2 in Ranged Weapons
   253 | D:1      | Gained mutation: You have a small tail. [demonic ancestry]
   253 | D:1      | Reached XP level 2. HP: 21/21 MP: 3/3
   256 | D:1      | Learned a level 2 spell: Jinxbite
   498 | D:1      | Reached XP level 3. HP: 26/26 MP: 4/4
   819 | D:2      | Found Cigucy's Jewellery Boutique.
   947 | D:2      | Reached skill level 3 in Ranged Weapons
  1096 | D:2      | Found Rypavutz's Book Boutique.
  1189 | D:2      | Found Goutastok's Distillery.
  1202 | D:2      | Gained mutation: You are faintly shadowed, very rarely
                  | releasing foul flame when damaged in melee. [demonic
                  | ancestry]
  1202 | D:2      | Reached XP level 4. HP: 32/32 MP: 5/5
  1221 | D:2      | Found Poczahu's Magic Scroll Shoppe.
  1237 | D:2      | Bought a potion of heal wounds for 70 gold pieces
  2175 | D:3      | Found a sparkling altar of Nemelex Xobeh.
  2243 | D:3      | Noticed Robin
  2256 | D:3      | Killed Robin
  2410 | D:3      | Identified the +6 whip of Day {holy, +Blink Int+3}
  2460 | D:3      | Reached XP level 5. HP: 30/37 MP: 6/6
  2557 | D:3      | Found a stormy altar of Qazlal.
  2813 | D:4      | Noticed a phantom
  2828 | D:4      | Killed a phantom
  2829 | D:4      | Reached skill level 4 in Ranged Weapons
  2905 | D:4      | Gained mutation: You have a tail ending in a sharp stinger.
                  | [demonic ancestry]
  2905 | D:4      | Reached XP level 6. HP: 30/43 MP: 7/7
  2954 | D:4      | Reached skill level 5 in Ranged Weapons
  2985 | D:4      | Found a shadowy altar of Dithmenos.
  3048 | D:4      | Found a sand-covered staircase.
  3057 | Ossuary  | Entered an ossuary
  3057 | Ossuary  | Found a huge runed translucent gate.
  3057 | Ossuary  | Found a huge runed translucent gate.
  3057 | Ossuary  | Found a huge runed translucent gate.
  3057 | Ossuary  | Found a huge runed translucent gate.
  3057 | Ossuary  | Found a huge runed translucent gate.
  3057 | Ossuary  | Found a huge runed translucent gate.
  3057 | Ossuary  | Found a huge runed translucent gate.
  3057 | Ossuary  | Found a huge runed translucent gate.
  3058 | Ossuary  | Found a huge runed translucent gate.
  3058 | Ossuary  | Found a huge runed translucent gate.
  3058 | Ossuary  | Found a huge runed translucent gate.
  3059 | Ossuary  | Found a huge runed translucent gate.
  3059 | Ossuary  | Found a huge runed translucent gate.
  3061 | Ossuary  | Found a huge runed translucent gate.
  3061 | Ossuary  | Found a huge runed translucent gate.
  3078 | Ossuary  | Reached skill level 5 in Hexes
  3086 | Ossuary  | Found a huge runed translucent gate.
  3086 | Ossuary  | Found a huge runed translucent gate.
  3086 | Ossuary  | Found a huge runed translucent gate.
  3086 | Ossuary  | Found a huge runed translucent gate.
  3086 | Ossuary  | Found a huge runed translucent gate.
  3087 | Ossuary  | Found a huge runed translucent gate.
  3087 | Ossuary  | Found a huge runed translucent gate.
  3089 | Ossuary  | Found a huge runed translucent gate.
  3089 | Ossuary  | Found a huge runed translucent gate.
  3090 | Ossuary  | Found a huge runed translucent gate.
  3090 | Ossuary  | Found a huge runed translucent gate.
  3091 | Ossuary  | Found a huge runed translucent gate.
  3091 | Ossuary  | Found a huge runed translucent gate.
  3093 | Ossuary  | Found a huge runed translucent gate.
  3093 | Ossuary  | Found a huge runed translucent gate.
  3118 | Ossuary  | Found a huge runed translucent gate.
  3118 | Ossuary  | Found a huge runed translucent gate.
  3118 | Ossuary  | Found a huge runed translucent gate.
  3118 | Ossuary  | Found a huge runed translucent gate.
  3118 | Ossuary  | Found a huge runed translucent gate.
  3148 | Ossuary  | Gained mutation: You are partially covered in rugged brown
                  | scales. (AC +1, +3% HP) [demonic ancestry]
  3148 | Ossuary  | Reached XP level 7. HP: 27/49 MP: 5/8
  3294 | D:4      | Noticed Sigmund
  3299 | D:4      | Killed Sigmund
  3300 | D:4      | Reached skill level 6 in Ranged Weapons
  3417 | D:4      | Found an ancient bone altar of Kikubaaqudgha.
  3550 | D:5      | Entered Level 5 of the Dungeon
  3635 | D:5      | Reached skill level 7 in Ranged Weapons
  3707 | D:5      | Reached XP level 8. HP: 47/55 MP: 9/9
  4554 | D:6      | Reached skill level 8 in Ranged Weapons
  4581 | D:6      | Noticed Edmund
  4607 | D:6      | Killed Edmund
  4694 | D:6      | Reached skill level 9 in Ranged Weapons
  4694 | D:6      | Gained mutation: Spells you cast may paralyse adjacent
                  | enemies. [demonic ancestry]
  4694 | D:6      | Reached XP level 9. HP: 56/60 MP: 10/10
  4794 | D:6      | Found Sonae's General Store.
  4802 | D:6      | Bought a scroll of teleportation for 45 gold pieces
  5049 | D:7      | Found a staircase to the Ecumenical Temple.
  5058 | Temple   | Entered the Ecumenical Temple
  5092 | Temple   | Became a worshipper of Hepliaklqana the Forgotten
  5271 | D:7      | Reached skill level 10 in Ranged Weapons
  5328 | D:7      | Found Aqelenn's Gadget Gallery.
  5425 | D:7      | Found an ornate altar of the Wu Jian Council.
  5669 | D:7      | Gained mutation: Spells you cast may paralyse nearby
                  | enemies. [demonic ancestry]
  5669 | D:7      | Reached XP level 10. HP: 62/66 MP: 11/11
  5865 | D:7      | Found a shimmering blue altar of Sif Muna.
  6034 | D:8      | Found Sifes's Self-Improvement Boutique.
  6052 | D:8      | Found Cel Sus's Armour Shoppe.
  6053 | D:8      | Found Ichan's Magic Scroll Emporium.
  6060 | D:8      | Found Gogorac's Distillery.
  6092 | D:7      | Reached skill level 11 in Ranged Weapons
  6138 | D:8      | Found Durch's Weapon Shop.
  6222 | D:8      | Bought a potion of curing for 36 gold pieces
  6222 | D:8      | Bought a potion of degeneration for 12 gold pieces
  6222 | D:8      | Bought a potion of lignification for 36 gold pieces
  6224 | D:8      | Found Kygecoji's Magic Scroll Shoppe.
  6238 | D:8      | Bought a scroll of identify for 22 gold pieces
  6238 | D:8      | Bought a scroll of identify for 22 gold pieces
  6238 | D:8      | Bought a scroll of fear for 44 gold pieces
  6244 | D:8      | Bought a scroll of identify for 26 gold pieces
  6244 | D:8      | Bought a scroll of identify for 26 gold pieces
  6244 | D:8      | Bought a scroll of identify for 26 gold pieces
  6244 | D:8      | Bought a scroll of teleportation for 39 gold pieces
  6244 | D:8      | Bought a scroll of teleportation for 39 gold pieces
  6284 | D:8      | Reached skill level 1 in Translocations
  6289 | D:8      | Learned a level 4 spell: Dimensional Bullseye
  6572 | D:8      | Reached * piety under Hepliaklqana
  6654 | D:8      | Found an iron altar of Okawaru.
  7269 | D:9      | Found a blossoming altar of Fedhas.
  7327 | D:9      | Noticed a two-headed ogre
  7336 | D:9      | Killed a two-headed ogre
  7337 | D:9      | Reached skill level 12 in Ranged Weapons
  7419 | D:9      | Reached skill level 10 in Hexes
  7430 | D:9      | Found a staircase to the Lair.
  7479 | D:9      | Found a radiant altar of Vehumet.
  7568 | D:9      | Gained mutation: You have a sharp stinger which inflicts
                  | weakening toxins. [demonic ancestry]
  7568 | D:9      | Reached XP level 11. HP: 61/65 MP: 12/12
  7657 | D:9      | Found a flagged portal.
  7745 | Bailey   | Entered a bailey
  8043 | Bailey   | Acquired the -2 hat of the Alchemist {rElec rPois rF+ rC+
                  | rN+ Will+ rMut rCorr}
  8043 | Bailey   | Found the -2 hat of the Alchemist {rElec rPois rF+ rC+ rN+
                  | Will+ rMut rCorr}
  8050 | Bailey   | Noticed an orc knight
  8066 | Bailey   | HP: 2/66 [orc knight/+0 glaive (15)]
  8145 | Bailey   | Killed an orc knight
  8146 | Bailey   | Reached skill level 1 in Armour
  8192 | Bailey   | Identified the +1 helmet of Fedhas's Delight {Dex+3}
  8195 | Bailey   | Identified the ring "Cathriati" {rN++ Will+}
  8401 | D:9      | Learned a level 3 spell: Maxwell's Portable Piledriver
  8402 | D:10     | Entered Level 10 of the Dungeon
  8435 | D:10     | Reached ** piety under Hepliaklqana
  8448 | D:10     | Remembered your ancestor Suaneik as a knight
  8515 | D:10     | Reached skill level 13 in Ranged Weapons
  8774 | D:10     | Reached skill level 5 in Translocations
  8869 | D:10     | Identified the +0 ring mail "Sobuir" {Int+3}
  8916 | D:10     | Noticed a two-headed ogre
  8922 | D:10     | Killed a two-headed ogre
  9260 | Lair:1   | Entered Level 1 of the Lair of Beasts
  9361 | Lair:1   | Gained mutation: You are shadowed, sometimes releasing foul
                  | flame when damaged in melee. [demonic ancestry]
  9361 | Lair:1   | Reached XP level 12. HP: 76/77 MP: 5/13
 10190 | Lair:1   | Identified the +0 pair of gloves of Focus {Harm rElec
                  | Int+3}
 10337 | Lair:2   | Reached skill level 14 in Ranged Weapons
 10382 | Lair:2   | Reached skill level 5 in Fighting
 10402 | Lair:2   | Found a staircase to the Shoals.
 10418 | Lair:2   | Reached *** piety under Hepliaklqana
 10519 | Lair:2   | Reached skill level 5 in Dodging
 10830 | Lair:2   | Learned a level 4 spell: Cause Fear
 10907 | Lair:2   | Reached skill level 5 in Armour
 10966 | Lair:2   | Found a hole to the Spider Nest.
 11047 | Lair:2   | Gained mutation: You are darkly shadowed, frequently
                  | releasing foul flame when damaged in melee. [demonic
                  | ancestry]
 11047 | Lair:2   | Reached XP level 13. HP: 67/86 MP: 9/14
 11646 | Lair:3   | Identified the +0 pair of boots "Kujiat" {rPois rCorr
                  | Stlth+}
 11751 | Lair:3   | Reached skill level 15 in Ranged Weapons
 11880 | Lair:3   | Reached **** piety under Hepliaklqana
 11985 | Lair:3   | Found a dark tunnel.
 11990 | Volcano  | Entered a volcano
 13070 | Lair:4   | Identified the +0 chain mail "Faphoga" {Fly rElec}
 13341 | Lair:4   | Gained mutation: Spells you cast and wands you use may
                  | paralyse nearby enemies. [demonic ancestry]
 13341 | Lair:4   | Reached XP level 14. HP: 95/95 MP: 15/15
 14037 | Lair:5   | Entered Level 5 of the Lair of Beasts
 14253 | Lair:5   | Reached skill level 16 in Ranged Weapons
 14320 | Lair:5   | Found a staircase to the Slime Pits.
 14339 | Lair:5   | Reached ***** piety under Hepliaklqana
 14339 | Lair:5   | Found a frozen archway.
 14346 | IceCv    | Entered an ice cave
 14992 | IceCv    | Identified the ring "Loloxtex" {^Drain Will++ MP+9}
 15230 | Lair:5   | Identified the +11 flail of Devotion {flame, rF++ Will+
                  | Int-5 Dex+3}
 15375 | Lair:5   | Identified the ring of Equilibrium {rN+ Dex+6}
 15544 | Lair:5   | Reached XP level 15. HP: 79/105 MP: 16/16
 15862 | Lair:5   | Learned a level 3 spell: Inner Flame
 16151 | D:11     | Identified the +10 quarterstaff "Kud Ume" {venom, rElec
                  | rCorr}
 16594 | D:12     | Found a staircase to the Orcish Mines.
 16856 | D:12     | Noticed Azrael
 16867 | D:12     | Killed Azrael
 16872 | D:12     | Hit by a large rock thrown by a cyclops

Illustrated notes

Levels and vault maps discovered:
D:1:      dpeg_arrival_tiny_c, layout_loops_cross, st_stairs_5
D:2:      layout_basic, serial_shops, shop, nicolae_shop_trees,
          nicolae_shop_industrial_runoff, nicolae_shop_just_a_little_nook
D:3:      layout_basic, nicolae_overflow_hidden_temple,
          nicolae_overflow_crystal_walls, fountainhead, minmay_misc_feat_chi,
          uniq_robin
D:4:      layout_rooms, kiku_gazebo_pond_becter, mainiacjoe_overflow_24_doors,
          mainiacjoe_ossuary_entry_dusty_tomb, uniq_sigmund
D:5:      layout_basic, kennysheep_cluttered_room
D:6:      layout_rooms, zin_statuary, tso_metal_star, serial_shops, shop,
          minmay_fractal_squares_5, uniq_edmund
D:7:      layout_loops_ring, mainiacjoe_overflow_boulevard,
          kennysheep_mini_moat, minmay_temple_entry_nine_rooms,
          nicolae_shop_gadgets
D:8:      layout_basic, mainiacjoe_overflow_alcove_2,
          kennysheep_okawaru_gauntlet, nicolae_shop_national_dungeon_mall,
          minivault_5, serial_library_hellmonk_small_corner,
          nicolae_shop_self_help
D:9:      layout_cave_pools, fedhas_ov_isle_minmay,
          mainiacjoe_overflow_small_starburst, due_lair_maze_entry_diamond,
          enter_bailey_6
D:10:     layout_loops_ring, uniq_lodul
D:11:     layout_big_octagon, hex_medium
D:12:     layout_roguey, hiddenorc2_lemuel, kennysheep_big_empty_room,
          uniq_azrael
Temple:   jpeg_temple_alley_garden
Lair:1:   layout_cave_shapes, serial_bayou, serial_bayou_pond_b,
          serial_bayou_pond_e, serial_bayou_lagoon_b, serial_bayou_crossing,
          worms_lemuel, serial_bayou_shore_b
Lair:2:   nzn_winding_woodlands_three_and_one [nzn_winding_woodlands_5x15_eye,
          nzn_winding_woodlands_5x15_crooked, nzn_winding_woodlands_5x15_cabin,
          nzn_winding_woodlands_center_pierced_h], layout_cellular_growth,
          nicolae_shoals_entry_roost, spider_nest_entry_rubble
Lair:3:   layout_chaotic_city, nicolae_volcano_entry_s_turn
Lair:4:   layout_concentric_octagons, minivault_19, small_statue_intersection,
          cheibrodos_lair_lostbears, infiniplex_staircase_pool,
          grunt_megastairs_2
Lair:5:   minmay_lair_end_frog_pond, layout_loops_ring, slime_entry_1,
          portal_ice_cave_entry_pillars_1

Skill      XL: |  1  2  3  4  5  6  7  8  9 10 11 12 13 14 |
---------------+-------------------------------------------+-----
Fire Magic     | 1 |  1.0
Ranged Weapons | 2 3 4 5 7 9 10 12 13 14 15 16 | 16.0
Hexes          | 4 5 6 7 9 10 | 10.3
Translocations | 3 5 6 7 9 |  9.6
Dodging        | 3 5 6 8 |  8.8
Armour         | 3 5 6 8 |  8.7
Fighting       | 3 5 7 9 |  9.6
Spellcasting   | |  1.1

Action                     |  1- 3 |  4- 6 |  7- 9 | 10-12 | 13-15 || total
---------------------------+-------+-------+-------+-------+-------++-------
   Fire: Sling             |   133 |   173 |    63 |       |       ||   369
         Orcbow            |       |       |   232 |   769 |   649 ||  1650
         Arbalest          |       |       |       |       |   270 ||   270
   Cast: Jinxbite          |     6 |     2 |     9 |     1 |       ||    18
         Dimensional Bulls |       |       |       |    20 |    19 ||    39
         Maxwell's Portabl |       |       |       |       |     1 ||     1
         Cause Fear        |       |       |       |       |     1 ||     1
         Inner Flame       |       |       |       |       |     1 ||     1
 Invoke: Ancestor Identity |       |       |       |     1 |       ||     1
         Recall Ancestor   |       |       |       |     3 |       ||     3
         Ancestor Life: Kn |       |       |       |     1 |       ||     1
         Transference      |       |       |       |       |     1 ||     1
  Evoke: Wand              |       |       |       |     4 |     2 ||     6
    Use: Potion            |       |     2 |       |     2 |       ||     4
         Scroll            |       |       |     6 |    11 |    13 ||    30
 Armour: Robe              |    53 |     4 |       |       |       ||    57
         Ring mail         |       |   100 |   111 |    38 |       ||   249
         Acid dragon scale |       |       |       |   145 |   126 ||   271
  Dodge: Dodged            |    44 |    76 |    83 |   265 |   288 ||   756

Table legend: (Time is in decaauts)
 A = Elapsed time spent in this place.
 B = Non-inter-level travel time spent in this place.
 C = Inter-level travel time spent in this place.
 D = Time resting spent in this place.
 E = Time spent auto-exploring this place.
 F = Levels seen in this place.
 G = Mean time per level.
                   A        B        C        D        E       F      G
               +--------+--------+--------+--------+--------+-----+--------+
         Total |  17017 |  15973 |   1044 |    253 |  11732 |  22 |  773.5 |
       Dungeon |   9565 |   8968 |    597 |     81 |   7054 |  12 |  797.1 |
        Temple |     67 |      2 |     65 |      0 |      0 |   1 |   67.0 |
          Lair |   5541 |   5159 |    382 |     57 |   3692 |   5 | 1108.2 |
       Ossuary |    219 |    219 |      0 |      0 |     96 |   1 |  219.0 |
        Bailey |    519 |    519 |      0 |     44 |    283 |   1 |  519.0 |
      Ice Cave |    717 |    717 |      0 |     70 |    398 |   1 |  717.0 |
       Volcano |    386 |    386 |      0 |      0 |    209 |   1 |  386.0 |
               +--------+--------+--------+--------+--------+-----+--------+

Top non-repeatable levels by time:
  Lair:2: 1296 daAuts
  Lair:5: 1094 daAuts
  Lair:4: 1091 daAuts
     D:3: 1084 daAuts
     D:7: 1075 daAuts
     D:8: 1057 daAuts
  Lair:1: 1049 daAuts
  Lair:3: 1010 daAuts
     D:1: 910 daAuts
     D:2: 876 daAuts
    D:10: 852 daAuts
     D:9: 824 daAuts
     D:5: 791 daAuts
   IceCv: 717 daAuts
     D:6: 664 daAuts
